[Event "ESP-ch Teams Honor 2024"]
[Site "Melilla"]
[Date "2024.10.12"]
[Round "1.1"]
[White "Pranav Vijay"]
[Black "Puranik, Abhimanyu"]
[Result "1/2-1/2"]
[ECO "C84"]
[WhiteElo "2252"]
[BlackElo "2639"]
[Annotator "TA"]
[PlyCount "138"]
[EventDate "2024.10.11"]
[EventType "team-tourn"]
[EventCountry "ESP"]
[SourceTitle "playchess.com"]
[Source "ChessBase"]
[SourceQuality "1"]
[WhiteTeam "Benalmadena"]
[BlackTeam "Sestao"]
[TimeControl "5400+30"]

1. e4 e5 2. Nf3 Nc6 3. Bb5 a6 4. Ba4 Nf6 5. O-O Be7 6. d3 b5 7. Bb3 O-O 8. a4 Rb8 9. axb5 axb5 10. Nc3 d6 11. Nd5 h6 12. c3 Re8 13. h3 {[%emt 0:04:14] White has an edge.} Be6 14. Nh2 Qd7 15. Qf3 Bd8 16. Nxf6+ Bxf6 17. Bxe6 Qxe6 18. Qg3 (18. Qg4 $14) 18... Kh7 19. Ng4 b4 20. Qf3 bxc3 21. bxc3 Bd8 22. Ra6 $1 Rb6 23. Ra8 (23. Rxb6 $14 cxb6 24. Ne3) 23... Rb8 $11 24. Ra6 (24. Ra1 $11) 24... Rb6 $1 $14 25. Rxb6 cxb6 26. Ne3 b5 27. Qd1 Ba5 28. Bd2 Ne7 29. Qa1 Bb6 30. Qa6 Rb8 31. Rb1 ({Of course not} 31. Qxb5 Bxe3 32. Qxb8 Bxd2 $15) 31... Bxe3 32. Bxe3 Qd7 33. Bc1 d5 34. Ba3 Ng6 {[%emt 0:01:06] Hoping for ...dxe4.} 35. Qd6 Qxd6 36. Bxd6 $11 {[%emt 0:00:04][%mdl 4096] Endgame. KRB-KRN} Rd8 37. Bc7 Rd7 38. Ba5 d4 39. Rxb5 dxc3 40. Bxc3 Rxd3 (40... f6 $11) 41. Bxe5 $14 Nxe5 42. Rxe5 $11 {[%emt 0:00:01] KR-KR} g6 43. Rd5 Ra3 44. f3 h5 45. h4 Ra2 46. Kh2 Kg7 47. Kg3 Rb2 48. Rd1 Ra2 49. Rg1 Rb2 50. Kf4 Ra2 51. g3 Ra3 52. Rd1 Rb3 53. Rd4 Ra3 54. e5 Ra1 55. Re4 Ra2 56. Rc4 Ra1 57. g4 (57. Rc8 $14) 57... hxg4 {[%emt 0:00:08] The position is equal.} 58. Kxg4 Rg1+ 59. Kf4 Rh1 60. Kg5 Re1 61. Re4 Rf1 62. Kf4 Rh1 63. Kg3 Rg1+ 64. Kf2 Ra1 65. Re3 Rh1 66. Re4 Ra1 67. Rd4 Rh1 68. Kg2 Re1 69. f4 Re3 {[%emt 0:00:04] Weighted Error Value: White=0.09 (flawless) /Black=0.06 (flawless) .  Mistake:       	White=4     	Black=1      Inaccurate:     	White=2     	Black=4      OK:         	White=19    	Black=32     Best:        	White=2     	Black=1      Strong:       	White=1     	Black=1} 1/2-1/2

[Event "ESP-ch Teams Honor 2024"]
[Site "Melilla"]
[Date "2024.10.12"]
[Round "1.2"]
[White "Svane, Frederik"]
[Black "Ter-Sahakyan, Samvel"]
[Result "1-0"]
[ECO "C82"]
[WhiteElo "2655"]
[BlackElo "2609"]
[Annotator "TA"]
[PlyCount "85"]
[EventDate "2024.10.11"]
[EventType "team-tourn"]
[EventCountry "ESP"]
[SourceTitle "playchess.com"]
[Source "ChessBase"]
[SourceQuality "1"]
[WhiteTeam "Sestao"]
[BlackTeam "Benalmadena"]
[TimeControl "5400+30"]

1. e4 e5 2. Nf3 Nc6 3. Bb5 a6 4. Ba4 Nf6 5. O-O Nxe4 6. d4 b5 7. Bb3 d5 8. dxe5 Be6 9. c3 Bc5 10. Nbd2 O-O 11. Bc2 Nxf2 12. Rxf2 f6 13. Nf1 {[%emt 0:06:41] [#] Threatens to win with Be3.} Bxf2+ 14. Kxf2 fxe5 {[%emt 0:00:05] aiming for ...e4.} 15. Kg1 {[%emt 0:00:04][%cal Oc2h7] Strongly threatening Bxh7+! The position is equal.} Bg4 {[%emt 0:01:16] ...e4 is the strong threat.} 16. Ne3 Be6 17. Nf1 {[%emt 0:00:06][%cal Oc2h7] [#] And now Bxh7+! would win.} Bg4 {[%emt 0:00:08] White must now prevent ...e4.} 18. Ne3 Be6 19. b3 d4 (19... e4 $5 20. Nd4 $8 Nxd4 21. Qxd4 Qd6 $14) 20. cxd4 (20. Qd3 $5 g6 $8 21. cxd4 $16) 20... Nxd4 (20... exd4 $11 {might be stronger.} 21. Qd3 g6) 21. Be4 $36 {[%emt 0:02:45][%cal Bc2e4,Be4f3,Bf3g4,Bg4h5][%mdl 2080] White has the initiative.} (21. Nxe5 Qf6 22. Bb2 (22. Qxd4 Qf2+ 23. Kh1 Qe1+) 22... Qf2+ 23. Kh1 Nxc2 24. Nxc2 c5 $11) (21. Nxd4 {simplifies} Qxd4 22. Rb1 Qxd1+ 23. Bxd1 c5 24. Rb2) 21... c6 22. Qe1 {[%emt 0:14:04][%mdl 1024] White has compensation.} (22. Nxe5 Qf6 23. Nd3 (23. Qxd4 Qf2+ 24. Kh1 Qe1+) 23... Rad8 $17) 22... h6 23. Bd2 Qf6 24. Rc1 Bd7 25. h3 Nxf3+ (25... Rac8 $16) 26. Bxf3 {[%emt 0:00:01] A strong pair of Bishops.} e4 27. Ng4 Bxg4 28. Bxg4 Rad8 29. Ba5 Rde8 (29... Qd4+ $16 {was necessary.} 30. Kh1 Rde8 31. Rxc6 e3) 30. Qe3 $18 {[%emt 0:02:54] Active counter play!} Rf7 31. Bh5 g6 32. Bc3 Qf5 33. Be2 Qf4 34. Bd2 Qxe3+ 35. Bxe3 Rf6 36. Bxh6 e3 37. Bf3 Rd6 38. Rc2 (38. Bxc6 $2 e2 (38... Rc8 $2 39. Bd5+ Kh7 40. Rxc8 $18) 39. Re1 (39. Bxe8 $2 Rd1+ 40. Kh2 e1=Q $19) 39... Rxc6 $19) 38... c5 39. Kf1 (39. Rxc5 $2 e2 40. Bxe2 Rxe2 41. Rc8+ Kh7 $19) 39... c4 40. bxc4 bxc4 41. Rxc4 Rd2 42. Be4 a5 (42... Rd1+ $142 43. Ke2 Rd2+ 44. Kf3 (44. Kxe3 Rxg2 45. Kf3 Rxe4 $18) 44... Rxa2 45. Bxe3 (45. Bxg6 $2 e2 $17) 45... Ra3) 43. Bxe3 {[%emt 0:01:00] Weighted Error Value: White=0.06 (flawless) /Black=0.25 (precise) .  Mistake:       	---       	Black=4      Inaccurate:     	White=1     	Black=3      OK:         	White=16    	Black=15     Best:        	White=1     	Black=1} (43. Bxg6 e2+ 44. Ke1 Rd1+ (44... Rxa2 $2 {too greedy.} 45. Bxe8 Rb2 46. Bg6 $18) 45. Kf2 e1=Q+ (45... e1=R 46. Bxe8 Rxe8 47. Ra4 $11) 46. Kf3 Qf1+ 47. Kg3 Qxc4 48. Bh5 Qd3+ 49. Kh4 Re4+ 50. Bg4 Rg1 51. Bg5 Rxg2 (51... Rxg4+ 52. Kxg4 Qe4+ 53. Bf4 Rxg2+ 54. Kh5 Qh7+ 55. Bh6 Qg6+ 56. Kh4 Qxh6#) 52. Kh5 Re5 (52... Rxa2 53. Kh4 Rg2 54. Kh5 Rgxg4 55. hxg4 Qh3+ 56. Bh4 Rxg4 57. Kh6 Qxh4#) (52... Rexg4 53. hxg4 Kh7 54. Bh6 Qg6+ 55. Kh4 Qxh6#) (52... Rxa2 53. Bh6 Rg2 54. Kh4 Re5 55. Bg5 Qh7+ 56. Bh5 Re4+ 57. Bf4 Rxf4#) (52... Rexg4 53. hxg4 Qd7 54. Bf6 Qxg4+ 55. Kh6 Qg6#)) 1-0

[Event "ESP-ch Teams Honor 2024"]
[Site "Melilla"]
[Date "2024.10.12"]
[Round "1.3"]
[White "Grigoryan, Karen H."]
[Black "Suarez Garcia, Carlos"]
[Result "1-0"]
[ECO "D61"]
[WhiteElo "2582"]
[BlackElo "2441"]
[Annotator "TA"]
[PlyCount "99"]
[EventDate "2024.10.11"]
[EventType "team-tourn"]
[EventCountry "ESP"]
[SourceTitle "playchess.com"]
[Source "ChessBase"]
[SourceQuality "1"]
[WhiteTeam "Benalmadena"]
[BlackTeam "Sestao"]
[TimeControl "5400+30"]

1. d4 d5 2. c4 e6 3. Nc3 Nf6 4. Bg5 Be7 5. e3 O-O 6. Qc2 Nbd7 7. Nf3 h6 8. Bh4 dxc4 9. Bxc4 a6 10. a4 b6 11. Rd1 Bb7 {[%emt 0:00:47] Die Stellung ist ausgeglichen.} 12. e4 Nh5 13. Bxe7 Qxe7 14. O-O Rac8 15. Rfe1 Rfd8 16. d5 e5 17. g3 {[%emt 0:00:30] Weiß steht aktiver.} Nhf6 18. Qe2 Ra8 19. Nh4 Ne8 20. Nf5 {[%emt 0:02:16] Schwarz ist schwach auf den weissen Feldern} Qf8 21. h4 Nd6 22. Nxd6 cxd6 23. b4 Rdc8 24. Rb1 Rc7 25. Rec1 Rac8 26. Na2 Nb8 27. Qd3 Qe8 28. Qb3 Qf8 (28... f5 $11) 29. Bf1 $14 Rxc1 30. Nxc1 Qd8 (30... Nd7 $11) 31. Nd3 $16 Nd7 32. Nb2 $1 Nf6 33. Qd3 Qc7 {[%emt 0:02:40] [#]} 34. Nc4 $1 Rb8 35. Qe3 Bc8 (35... b5 $16 36. axb5 axb5) 36. Rc1 $18 {[%emt 0:00:26][%cal Oc4e5] Droht stark Nxe5!} Qd8 37. b5 (37. a5 $18) 37... a5 {[%emt 0:02:27] Danach kann Schwarz die Partie nicht mehr halten.} (37... axb5 $16 {ist eine bessere Verteidigung.} 38. axb5 Bb7 39. Qxb6 (39. Nxb6 Nxe4 40. Qxe4 Qxb6 $16) 39... Nxe4) 38. Be2 Nd7 $2 (38... Bh3 {war angesagt.} 39. Kh2 Bg4) 39. Nxd6 Nc5 40. Nc4 Nxa4 41. Nxe5 {[%emt 0:00:07] Schwarz muss nun Nc6 beachten.} Qe8 42. Nc6 {[%emt 0:00:41] Weiß steht klar auf Gewinn.} Ra8 43. d6 Nc5 (43... Be6 $142 44. Ne7+ Kh8) 44. Ne7+ Kh8 45. Nd5 Qd8 {[%emt 0:02:11] [#]} 46. Nxb6 $1 Qxb6 47. Qxc5 Qxc5 48. Rxc5 a4 49. Bc4 a3 50. Bxf7 {[%emt 0:00:12] Gewichteter Fehlerwert: Weiß=0.07 (makellos) /Schwarz=0.30.  Fehler:       	Weiß=1     	Schwarz=6     Ungenau:       	Weiß=5     	Schwarz=4     OK:         	Weiß=16    	Schwarz=10    Bester:       	Weiß=5     	---        Stark:        	Weiß=2     	---} 1-0

[Event "ESP-ch Teams Honor 2024"]
[Site "Melilla"]
[Date "2024.10.12"]
[Round "1.4"]
[White "Del Rio De Angelis, Salvador G."]
[Black "Ladron De Guevara Pinto, Paolo"]
[Result "1-0"]
[ECO "D12"]
[WhiteElo "2387"]
[BlackElo "2388"]
[Annotator "RC"]
[PlyCount "59"]
[EventDate "2024.10.11"]
[EventType "team-tourn"]
[EventCountry "ESP"]
[SourceTitle "playchess.com"]
[Source "ChessBase"]
[SourceQuality "1"]
[WhiteTeam "SESTAO HOTEL NAVAL"]
[BlackTeam "Benalmadena"]
[TimeControl "5400+30"]

1. d4 d5 2. c4 c6 3. Nf3 Nf6 4. e3 Bf5 5. Nc3 e6 6. Nh4 Be4 7. f3 Bg6 8. Bd2 Be7 9. Qb3 Qc7 10. O-O-O a6 11. Nxg6 hxg6 12. Kb1 dxc4 13. Qxc4 b5 14. Qe2 c5 15. dxc5 Qxc5 16. Rc1 Qb6 17. g4 Nbd7 18. g5 Nh7 19. f4 Rd8 20. Bg2 Nhf8 21. Ne4 b4 22. Rc6 Qb5 23. Qxb5 axb5 24. Nd6+ Bxd6 25. Rxd6 Nb8 26. Bxb4 e5 27. Bf1 Rxd6 28. Bxd6 Nbd7 29. Bxb5 Rh3 30. Bxf8 1-0

[Event "ESP-ch Teams Honor 2024"]
[Site "Melilla"]
[Date "2024.10.12"]
[Round "1.5"]
[White "Lin, Yingrui"]
[Black "Trigo Urquijo, Sergio"]
[Result "1/2-1/2"]
[ECO "A05"]
[WhiteElo "2378"]
[BlackElo "2384"]
[Annotator "RC"]
[PlyCount "58"]
[EventDate "2024.10.11"]
[EventType "team-tourn"]
[EventCountry "ESP"]
[SourceTitle "playchess.com"]
[Source "ChessBase"]
[SourceQuality "1"]
[WhiteTeam "Benalmadena"]
[BlackTeam "Sestao"]
[TimeControl "5400+30"]

1. Nf3 Nf6 2. g3 b5 3. Bg2 Bb7 4. O-O e6 5. d3 Be7 6. e4 d6 7. a4 b4 8. Nbd2 O-O 9. Re1 c5 10. c3 Nbd7 11. h3 Qc7 12. Nc4 Rad8 13. Bf4 e5 14. Bg5 Rfe8 15. cxb4 cxb4 16. Rc1 Nc5 17. Ne3 h6 18. Bxf6 Bxf6 19. Ng4 Be7 20. d4 exd4 21. Nxd4 Bf8 22. Nf5 h5 23. Nf6+ gxf6 24. Qxh5 Bc8 25. Qg4+ Kh8 26. Qh5+ Kg8 27. Qg4+ Kh8 28. Qh5+ Kg8 29. Qg4+ Kh8 1/2-1/2

[Event "ESP-ch Teams Honor 2024"]
[Site "Melilla"]
[Date "2024.10.12"]
[Round "1.6"]
[White "Ambartsumova, Karina"]
[Black "Matnadze Bujiashvili, Ann"]
[Result "1/2-1/2"]
[ECO "D30"]
[WhiteElo "2402"]
[BlackElo "2309"]
[Annotator "RC"]
[PlyCount "186"]
[EventDate "2024.10.11"]
[EventType "team-tourn"]
[EventCountry "ESP"]
[SourceTitle "playchess.com"]
[Source "ChessBase"]
[SourceQuality "1"]
[WhiteTeam "Sestao"]
[BlackTeam "Benalmadena"]
[TimeControl "5400+30"]

1. d4 d5 2. c4 e6 3. Nf3 Nf6 4. g3 g6 5. Bg2 Bg7 6. O-O O-O 7. Nc3 Na6 8. h4 Ne4 9. Qb3 dxc4 10. Qxc4 Nd6 11. Qb3 c5 12. Rd1 c4 13. Qc2 Nb4 14. Qb1 Nf5 15. Bf4 Nd5 16. Bg5 f6 17. Bc1 Nd6 18. e4 Nxc3 19. bxc3 Qb6 20. Qc2 Nf7 21. Qa4 Qc7 22. Bf4 Bd7 23. Qb4 e5 24. dxe5 fxe5 25. Be3 Bg4 26. Rd5 Be6 27. Rd2 h6 28. a4 Rfc8 29. a5 Bf8 30. Qa4 Be7 31. Ne1 Bc5 32. Nc2 Rd8 33. Rad1 Rxd2 34. Rxd2 b6 35. Bxc5 Qxc5 36. axb6 Qxb6 37. Ne3 Kg7 38. Nxc4 Qc5 39. Bf1 g5 40. Qb4 Qxb4 41. cxb4 gxh4 42. gxh4 Rb8 43. Rb2 Kf6 44. f3 Nh8 45. Kf2 Ng6 46. Kg3 Nf4 47. b5 Rg8+ 48. Kh2 Rc8 49. Rb4 Rd8 50. Rb1 Rc8 51. Rb4 Rd8 52. Rb1 Bxc4 53. Bxc4 Rd2+ 54. Kg1 Rc2 55. Bb3 Rg2+ 56. Kh1 Rf2 57. Ra1 Rxf3 58. Ra6+ Ke7 59. Rxa7+ Kd6 60. Bf7 Kc5 61. Be8 Rb3 62. Ra4 Rb2 63. Bc6 Ne2 64. Ra3 Kd4 65. Kg2 Nc3+ 66. Kf3 Rb1 67. Kg4 Nxb5 68. Bxb5 Rxb5 69. Kf5 h5 70. Ra8 Ke3 71. Re8 Kf3 72. Rxe5 Rb4 73. Re8 Ra4 74. Rb8 Rxe4 75. Rb3+ Re3 76. Rb5 Re8 77. Rb3+ Re3 78. Rb5 Re8 79. Kg6 Rg8+ 80. Kf7 Ra8 81. Kg6 Rg8+ 82. Kxh5 Kf4 83. Rb6 Kf5 84. Rh6 Rg7 85. Rh8 Kf6 86. Kh6 Rg6+ 87. Kh5 Kg7 88. Ra8 Rb6 89. Ra7+ Kg8 90. Kg5 Rb5+ 91. Kg6 Rb6+ 92. Kg5 Rb5+ 93. Kg6 Rb6+ 1/2-1/2

[Event "ESP-ch Teams Honor 2024"]
[Site "Melilla"]
[Date "2024.10.12"]
[Round "1.7"]
[White "Santos Latasa, Jaime"]
[Black "Anton Guijarro, David"]
[Result "0-1"]
[ECO "C72"]
[WhiteElo "2621"]
[BlackElo "2667"]
[Annotator "RC"]
[PlyCount "134"]
[EventDate "2024.10.11"]
[EventType "team-tourn"]
[EventCountry "ESP"]
[SourceTitle "playchess.com"]
[Source "ChessBase"]
[SourceQuality "1"]
[WhiteTeam "Extremadura"]
[BlackTeam "Casablanca"]
[TimeControl "5400+30"]

1. e4 e5 2. Nf3 Nc6 3. Bb5 a6 4. Ba4 d6 5. O-O Bd7 6. c3 Nge7 7. d4 Ng6 8. Bc2 Be7 9. a4 O-O 10. d5 Na7 11. Be3 a5 12. Nbd2 Nc8 13. Nc4 Bg4 14. h3 Bxf3 15. Qxf3 Bg5 16. g3 Bxe3 17. Nxe3 Nb6 18. Kh2 Kh8 19. Qe2 Ne7 20. f4 exf4 21. gxf4 f5 22. Rae1 fxe4 23. Bxe4 Qe8 24. b3 Qf7 25. c4 Nd7 26. Qd2 Nc5 27. Bc2 b6 28. f5 Rae8 29. Ng2 Qf6 30. Qd1 Ng8 31. Nf4 Rxe1 32. Rxe1 g6 33. Ne6 Nxe6 34. Rxe6 Qc3 35. Qd3 Qb2 36. Qe2 gxf5 37. Qf2 Qg7 38. Qg3 Qd4 39. Re2 Rf7 40. Qe3 Qxe3 41. Rxe3 Ne7 42. Re6 Ng6 43. Kg3 Kg7 44. Kf2 Kh6 45. Re8 Kg5 46. Bd1 Re7 47. Rg8 Kh4 48. Bc2 Rf7 49. Kg2 Ne5 50. Rh8 Kg5 51. Kg3 Ng6 52. Rg8 Kf6 53. Rc8 Ke5 54. h4 Kd4 55. h5 f4+ 56. Kf2 Ne5 57. Rh8 h6 58. Rg8 Kc3 59. Bg6 Rf6 60. Rg7 f3 61. Be4 Kxb3 62. Rxc7 Ng4+ 63. Kg3 f2 64. Bd3 Kc3 65. Be2 Ne3 66. Re7 Kd2 67. Re6 Rf8 0-1

[Event "ESP-ch Teams Honor 2024"]
[Site "Melilla"]
[Date "2024.10.12"]
[Round "1.8"]
[White "Vallejo Pons, Francisco"]
[Black "Perez Candelario, Manuel"]
[Result "1/2-1/2"]
[ECO "B40"]
[WhiteElo "2653"]
[BlackElo "2588"]
[Annotator "TA"]
[PlyCount "69"]
[EventDate "2024.10.11"]
[EventType "team-tourn"]
[EventCountry "ESP"]
[SourceTitle "playchess.com"]
[Source "ChessBase"]
[SourceQuality "1"]
[WhiteTeam "Casablanca"]
[BlackTeam "Extremadura"]
[TimeControl "5400+30"]

1. e4 c5 2. Nf3 e6 3. Nc3 Nc6 4. h3 a6 5. d4 cxd4 6. Nxd4 Qc7 7. Nxc6 bxc6 8. Bd3 d5 9. O-O Nf6 10. Re1 Bb7 11. b3 Be7 12. Qf3 O-O 13. Bb2 Rfe8 14. Na4 c5 15. exd5 Bxd5 16. Qe3 Nd7 17. Nc3 Bb7 18. Ne4 Nf8 19. Nd2 Ng6 20. Nc4 {[%emt 0:00:47] White is more active.} Rad8 21. Bc3 {[%emt 0:02:59] Threatens to win with Ba5.} Bf6 22. Bxg6 hxg6 23. Rad1 {[%emt 0:00:57] Against Bd4} Rd5 24. Rxd5 Bxd5 {[%emt 0:00:04] The position is equal.} 25. Bxf6 gxf6 26. Qc3 Bxc4 27. Qxc4 $11 {[%emt 0:00:16][%mdl 4096] Endgame. KQR-KQR} a5 28. Rd1 Kg7 29. a3 Rb8 30. h4 Rb6 31. Rd3 Rd6 32. b4 axb4 33. axb4 {[%emt 0:00:02] [#] Strongly threatening Rxd6.} Rb6 ({Much worse is} 33... Rxd3 $6 34. cxd3 Qc6 35. Qxc5 $18 (35. bxc5 Kg8 $18)) 34. c3 Qc6 35. Qxc5 {[%emt 0:02:15] Weighted Error Value: White=0.04 (flawless) /Black=0.04 (flawless) .  Inaccurate:     	White=2     	Black=2      OK:         	White=12    	Black=13     Best:        	---       	Black=1} 1/2-1/2

[Event "ESP-ch Teams Honor 2024"]
[Site "Melilla"]
[Date "2024.10.12"]
[Round "1.9"]
[White "Oro, Faustino"]
[Black "Salgado Lopez, Ivan"]
[Result "1/2-1/2"]
[ECO "C65"]
[WhiteElo "2434"]
[BlackElo "2609"]
[Annotator "TA"]
[PlyCount "97"]
[EventDate "2024.10.11"]
[EventType "team-tourn"]
[EventCountry "ESP"]
[SourceTitle "playchess.com"]
[Source "ChessBase"]
[SourceQuality "1"]
[WhiteTeam "Extremadura"]
[BlackTeam "Casablanca"]
[TimeControl "5400+30"]

1. e4 e5 2. Nf3 Nc6 3. Bb5 Nf6 4. d3 d6 5. O-O Bd7 6. c3 g6 7. Re1 Bg7 8. Nbd2 O-O 9. Nf1 Re8 10. Ng3 h6 11. h3 d5 12. Ba4 a6 13. Be3 Kh7 14. Bc2 Be6 15. Qe2 Qe7 16. b4 Rad8 (16... d4 $1 $11 17. Bd2 (17. cxd4 exd4 18. Bd2 Nxb4 $15) 17... dxc3 18. Bxc3 Nxb4) 17. a3 Rd7 (17... Nd7 $11) 18. Rab1 Red8 19. a4 b5 20. Bc5 Qe8 21. axb5 axb5 22. Bb3 ({White should play} 22. d4 $16) 22... Kg8 23. d4 Nxe4 $1 24. Qxb5 Nxc5 25. Qxc5 e4 26. Ba4 (26. Qxc6 exf3 27. Bd1 (27. gxf3 Qe7 $17) 27... fxg2 $11) (26. Nxe4 $1 $14 dxe4 27. Qxc6 exf3 28. d5) 26... Nb8 {[%emt 0:03:14] [#]} 27. Ne5 $1 $16 {[%emt 0:01:23] White is much more active. The black rooks are passive.} (27. Bxd7 $2 Nxd7 28. Qxc7 exf3 $19) 27... Bxe5 28. dxe5 c6 29. Ne2 (29. c4 $5) 29... Rb7 30. Nd4 Bd7 31. Bc2 Qf8 32. Qa5 Qe7 33. f3 exf3 34. Nxf3 Be8 {[%emt 0:00:16] Black is weak on the dark squares} (34... Rc8 $11 {keeps the balance.}) 35. Ra1 (35. e6 $16 {exf7+ is the strong threat.} fxe6 36. Re2 (36. Rxe6 Qxe6 37. Qxd8 Qe3+ 38. Kh1 Qe7 $16)) 35... Nd7 $11 36. Nd4 Nf8 $1 (36... Nxe5 $2 {is the wrong capture.} 37. Rxe5 Qxe5 38. Qxd8 $18) 37. Bd3 Rdb8 38. Ra2 Kg7 39. Qa3 Rc7 40. Rc2 c5 41. bxc5 Qxc5 42. Qa6 ({Better is} 42. Qxc5 $11 Rxc5 43. e6) 42... Rb6 43. Qa8 {[%emt 0:00:15] [#]} (43. Qa2 $15) 43... Rc8 (43... Rb3 $1 $17 44. Qa1 (44. Qxe8 $2 {too greedy.} Rxc3 45. Qa4 Rxc2 $19) 44... Rxc3 45. Qxc3 Qxc3 46. Rxc3 Rxc3) 44. Qa1 {[%emt 0:00:17] The position is equal.} Ne6 45. Kh1 Nf4 46. Bf1 Ne6 {[%emt 0:00:07] And now ...Nxd4 would win.} 47. Bd3 Nf4 48. Bf1 Ne6 {[%emt 0:00:06] ...Nxd4 would now be deadly.} 49. Bd3 {[%emt 0:00:22] Weighted Error Value: White=0.18 (very precise) /Black=0.20 (precise) .  Mistake:       	White=5     	Black=5      Inaccurate:     	White=4     	Black=3      OK:         	White=11    	Black=9      Best:        	---       	Black=1      Strong:       	White=1     	Black=2} 1/2-1/2

[Event "ESP-ch Teams Honor 2024"]
[Site "Melilla"]
[Date "2024.10.12"]
[Round "1.10"]
[White "Gines Esteo, Pedro Antonio"]
[Black "Shuvalova, Polina"]
[Result "1-0"]
[ECO "A14"]
[WhiteElo "2477"]
[BlackElo "2472"]
[Annotator "RC"]
[PlyCount "119"]
[EventDate "2024.10.11"]
[EventType "team-tourn"]
[EventCountry "ESP"]
[SourceTitle "playchess.com"]
[Source "ChessBase"]
[SourceQuality "1"]
[WhiteTeam "Casablanca"]
[BlackTeam "Extremadura"]
[TimeControl "5400+30"]

1. Nf3 d5 2. g3 Nf6 3. Bg2 e6 4. O-O Be7 5. c4 O-O 6. b3 b6 7. Bb2 Bb7 8. cxd5 Nxd5 9. d4 Nd7 10. Re1 c5 11. e4 N5f6 12. Nc3 cxd4 13. Nxd4 Bc5 14. Re2 Rc8 15. Ndb5 Ne5 16. Rd2 Qe7 17. Na4 Bb4 18. Bxe5 Bxd2 19. Qxd2 Rfd8 20. Qf4 Ne8 21. Qe3 Bc6 22. Nxa7 Qxa7 23. Nxb6 Rb8 24. Bxb8 Rxb8 25. Nc4 Qa8 26. Ne5 Bb7 27. Nd7 Rd8 28. Nc5 Bc6 29. a4 Qa5 30. Rc1 Nf6 31. h3 Ba8 32. Qc3 Qa7 33. b4 Rc8 34. Qd4 h5 35. Rd1 Kh8 36. a5 Qb8 37. Nd7 Nxd7 38. Qxd7 Kg8 39. b5 h4 40. gxh4 Rf8 41. b6 Bb7 42. Qc7 Qa8 43. Rd7 Bc6 44. b7 Bxb7 45. Qxb7 Qxa5 46. Bf3 Qa1+ 47. Kg2 Qf6 48. Qc7 Qxh4 49. Qg3 Qf6 50. h4 Qb2 51. Qg5 Qc3 52. h5 Kh7 53. Qe7 Qc8 54. Rc7 Qb8 55. e5 Kg8 56. Bc6 Kh7 57. Be4+ Kh6 58. Kg3 Qb2 59. Qxf8 Qxe5+ 60. f4 1-0